 Dungeon Crawl Stone Soup version 0.31-a0-155-gb63f529262 (webtiles) character file.

Game seed: 160656649116807596

32368 poplop the Severer (level 13, -2/114 HPs)
             Began as a Hill Orc Fighter on June 12, 2023.
             Was an Elder of Fedhas.
             Killed by divine providence
             ... invoked by a meliai
              (11 damage)
             ... on level 14 of the Dungeon.
             The game lasted 00:52:33 (13893 turns).

poplop the Severer (Hill Orc Fighter)              Turns: 13893, Time: 00:52:34

Health: -2/114     AC: 23    Str: 22    XL:     13   Next: 64%
Magic:  18/18      EV:  9    Int: 10    God:    Fedhas [****..]
Gold:   734        SH: 14    Dex: 10    Spells: 17/17 levels left

rFire   . . .        y - +1 war axe of Ignis's Righteous Fury {spect, rPois Will+ Stlth+}
rCold   . . .        x - +3 buckler
rNeg    . . .        l - +3 chain mail
rPois   +            d - +1 helmet
rElec   .            i - +2 cloak
rCorr   .            g - +1 pair of gloves {Stlth+}
SInv    .            (no boots)
Will    ++...        N - amulet of reflection
Stlth   +++          p - ring of poison resistance
HPRegen 0.39/turn    A - ring of willpower
MPRegen 0.16/turn

%: reflection
@: lethally poisoned (-2 -> -6), studying Air Magic
A: no striking features
a: Renounce Religion, Wall of Briars, Grow Ballistomycete, Overgrow


You were on level 14 of the Dungeon.
You worshipped Fedhas.
Fedhas was greatly pleased with you.
You visited 1 branch of the dungeon, and saw 14 of its levels.

You collected 868 gold pieces.
You spent 134 gold pieces at shops.

Inventory:

Hand Weapons
 a - a +4 war axe of chaos
 y - the +1 war axe of Ignis's Righteous Fury (weapon) {spect, rPois Will+ Stlth+}
   (You took it off an orc on level 6 of the Dungeon)

   rPois:     It protects you from poison.
   Will:      It increases your willpower.
   Stlth:     It makes you more stealthy.
Missiles
 m - 2 throwing nets
 u - 13 boomerangs
Armour
 b - a +0 scale mail
 d - a +1 helmet (worn)
 e - a +0 plate armour
 g - a +1 pair of gloves of stealth (worn)
 i - a +2 cloak (worn)
 l - a +3 chain mail (worn)
 n - a +1 ring mail of fire resistance
 o - the +1 ring mail "Qattoaf" {rPois rF++ Regen+ Str+3}
   (You found it on level 2 of the Dungeon)

   Str:       It affects your strength (+3).
   rF:        It greatly protects you from fire.
   rPois:     It protects you from poison.
   Regen:     It increases your rate of health regeneration.
 x - a +3 buckler (worn)
Jewellery
 j - a ring of fire
 p - a ring of poison resistance (left hand)
 v - a ring of fire
 A - a ring of willpower (right hand)
 G - a ring of fire
 I - a ring of willpower
 K - a ring of ice
 N - an amulet of reflection (around neck)
Wands
 h - a wand of paralysis (13)
 k - a wand of mindburst (9)
 q - a wand of quicksilver (9)
 s - a wand of iceblast (2)
Scrolls
 c - 2 scrolls of poison
 f - a scroll of fog
 B - a scroll of amnesia
 C - 2 scrolls of teleportation (quivered)
 D - 2 scrolls of blinking
 E - 2 scrolls of enchant weapon
 F - a scroll of fear
 J - 3 scrolls of identify
 M - a scroll of magic mapping
Potions
 r - 3 potions of haste
 t - 3 potions of attraction
 w - a potion of brilliance
 z - 5 potions of enlightenment
 H - a potion of curing
Miscellaneous
 L - a piece from Xom's chessboard (15/15)


   Skills:
 * Level 10.6 Fighting
 * Level 16.0 Axes
 * Level 11.4 Armour
 - Level 2.0 Dodging
 * Level 7.5 Stealth
 * Level 9.6 Shields
 * Level 2.9 Spellcasting
 * Level 4.2 Fire Magic
 * Level 7.1 Invocations


You had 17 spell levels left.
You didn't know any spells.
Your spell library contained the following spells:

 Spells                   Type           Power      Damage    Failure   Level
 Sandblast                Erth           2%         2d4       83%         1
 Ensorcelled Hibernation  Hex/Ice        2%         N/A       92%         2
 Passwall                 Tmut/Erth      0%         N/A       92%         2
 Spider Form              Tmut/Pois      1%         N/A       99%         3
 Stone Arrow              Conj/Erth      2%         3d7       99%         3
 Anguish                  Hex/Necr       0%         N/A       100%        4


Dungeon Overview and Level Annotations

Branches:
Dungeon (14/15)            Temple (0/1) D:7            Lair (0/5) D:11
    Orc (0/2) D:9
 Vaults: D:13-14

Altars:
Elyvilon
Fedhas
Hepliaklqana
Kikubaaqudgha
Okawaru
Qazlal
Sif Muna
Uskayaw
Wu Jian

Shops:
D:2 *   D:5 (   D:9 *[


Message History

* * * LOW HITPOINT WARNING * * *
You closely miss the killer bee.
The killer bee is severely wounded.
The killer bee completely misses you.
You barely miss the killer bee.
The killer bee is severely wounded.
The killer bee barely misses you.
The meliai calls upon its god to heal the killer bee.
The killer bee is healed somewhat.
You hear an angry buzzing noise.
You hit the killer bee.
The killer bee is moderately wounded.
You hear an angry buzzing noise.
The killer bee stings you but does no damage.
You block the killer bee's attack.
You hear an angry buzzing noise.
The killer bee closely misses you.
There is an open door here.
The killer bee attacks as you move away!
You block the killer bee's attack.
The meliai calls upon its god to heal the killer bee.
The killer bee's wounds heal themselves!
You block the killer bee's attack.
The meliai invokes the aid of its god against you.
Something smites you!
* * * LOW HITPOINT WARNING * * *
The killer bee stings you but does no damage.
You block the killer bee's attack. The meliai attacks as you move away!
You block the meliai's attack.
The meliai stings you but does no damage.
The killer bee attacks as you move away!
You block the killer bee's attack. The killer bee stings you!
* * * LOW HITPOINT WARNING * * *
You are poisoned.
The killer bee poisons you!
You feel sick.
The meliai calls down the wrath of its god upon you.
Something smites you!
You die...
Fedhas appreciates your contribution to the ecosystem.

####### #######+##
......# #........#
......# #........#
....<.# ###....@...#
......####.'...yy...#
......#....#........#
........####...y....#
......### #........#
......# ###y######
....### #..†y## ###.
####yy# .. ##y#


You could see 2 meliai and 2 killer bees.

Vanquished Creatures
  Josephine (D:11)
  Erolcha (D:11)
  Erica (D:10)
  2 centaur warriors (D:13)
  2 boulder beetles
  6 two-headed ogres
  5 skeletal warriors (D:12)
  An ugly thing (D:9)
  2 cyclopes
  A manticore (D:13)
  A gargoyle (D:12)
  An unseen horror (D:12)
  3 komodo dragons
  A queen bee (D:14)
  4 trolls
  Grinder (D:5)
  Sigmund (D:5)
  A vampire (D:12)
  A shadow (D:11)
  6 wraiths
  2 wyverns (D:9)
  A steam dragon (D:8)
  A basilisk (D:10)
  17 yaks
  9 vampire mosquitoes
  Edmund (D:5)
  Menkaure (D:5)
  An acid dragon (D:10)
  2 swamp worms (D:11)
  4 water moccasins
  2 orc warriors (D:9)
  2 sky beasts (D:7)
  3 black bears
  4 centaurs
  2 phantoms (D:6)
  A bullfrog (D:6)
  3 kobold brigands (D:8)
  2 gnoll sergeants
  A scorpion (D:5)
  8 wights
  9 killer bees
  4 howler monkeys
  5 hounds
  A jelly (D:7)
  13 orc priests
  2 gnoll boudas
  Crazy Yiuf (D:2)
  8 iguanas
  16 orc wizards
  Robin (D:3)
  17 gnolls
  6 adders
  2 shadow imps (D:7)
  2 white imps (D:8)
  An ufetubus (D:5)
  3 worms
  2 dart slugs
  59 orcs
  7 endoplasms
  5 giant cockroaches
  12 goblins
  19 hobgoblins
  11 kobolds
  5 quokkas
  11 ball pythons
  6 bats
  3 frilled lizards
  11 rats
351 creatures vanquished.

Vanquished Creatures (others)
  5 spectral weapons
5 creatures vanquished.

Grand Total: 356 creatures vanquished

Notes
Turn   | Place    | Note
-------+----------+-------------------------------------------
     0 | D:1      | poplop the Hill Orc Fighter began the quest for the Orb.
     0 | D:1      | Reached XP level 1. HP: 19/19 MP: 1/1
   102 | D:1      | Reached XP level 2. HP: 27/27 MP: 2/2
   209 | D:1      | Reached skill level 3 in Axes
   274 | D:1      | Reached XP level 3. HP: 32/33 MP: 3/3
   670 | D:1      | Identified a scroll of acquirement
   670 | D:1      | Acquired a manual of Air Magic
   686 | D:2      | Found Kaifasi's Assorted Antiques.
   872 | D:2      | Reached skill level 4 in Axes
   872 | D:2      | Reached XP level 4. HP: 26/40 MP: 4/4
  1050 | D:2      | Reached XP level 5. HP: 46/46 MP: 5/5
  1286 | D:2      | Reached skill level 1 in Stealth
  1312 | D:2      | Identified the +1 ring mail "Qattoaf" {rPois rF++ Regen+
                  | Str+3}
  1386 | D:2      | Found a runed translucent door.
  1387 | D:2      | Noticed Crazy Yiuf
  1397 | D:2      | Killed Crazy Yiuf
  1436 | D:2      | Bought 2 scrolls of identify for 124 gold pieces
  1445 | D:3      | Found a blossoming altar of Fedhas.
  1483 | D:3      | Became a worshipper of Fedhas Madash
  1605 | D:3      | Reached skill level 5 in Axes
  1605 | D:3      | Reached skill level 1 in Dodging
  1902 | D:3      | Found an ornate altar of the Wu Jian Council.
  1923 | D:3      | Noticed Robin
  1941 | D:3      | Killed Robin
  2168 | D:4      | Reached * piety under Fedhas
  2212 | D:4      | Reached XP level 6. HP: 39/53 MP: 6/6
  2371 | D:4      | Noticed a yak
  2371 | D:4      | Noticed a black bear
  2394 | D:4      | Killed a black bear
  2406 | D:4      | Killed a yak
  2407 | D:4      | Reached skill level 6 in Axes
  2407 | D:4      | Reached XP level 7. HP: 45/60 MP: 7/7
  2424 | D:4      | Noticed a yak
  2425 | D:4      | Noticed a yak
  2449 | D:4      | Killed a yak
  2450 | D:4      | Reached skill level 5 in Fighting
  2454 | D:4      | Noticed a yak
  2467 | D:4      | Noticed a yak
  2476 | D:4      | Noticed a yak
  2482 | D:4      | Killed a yak
  2483 | D:4      | Reached skill level 7 in Axes
  2492 | D:4      | Killed a yak
  2493 | D:4      | Reached XP level 8. HP: 68/69 MP: 8/8
  2501 | D:4      | Killed a yak
  2502 | D:4      | Reached skill level 8 in Axes
  2502 | D:4      | Reached skill level 5 in Armour
  2517 | D:4      | Killed a yak
  2587 | D:4      | Reached skill level 9 in Axes
  2736 | D:4      | Reached ** piety under Fedhas
  2969 | D:5      | Entered Level 5 of the Dungeon
  2975 | D:5      | Found an iron altar of Okawaru.
  3070 | D:5      | Noticed Grinder
  3071 | D:5      | Paralysed by Grinder for 2 turns
  3091 | D:5      | Killed Grinder
  3092 | D:5      | Reached skill level 5 in Shields
  3187 | D:5      | Reached XP level 9. HP: 78/78 MP: 9/9
  3191 | D:5      | Noticed Menkaure
  3202 | D:5      | Killed Menkaure
  3203 | D:5      | Reached skill level 10 in Axes
  3574 | D:5      | Found a stormy altar of Qazlal.
  3593 | D:5      | Found an ancient bone altar of Kikubaaqudgha.
  3627 | D:5      | Noticed Sigmund
  3640 | D:5      | Killed Sigmund
  3707 | D:5      | Noticed Edmund
  3745 | D:5      | HP: 3/78 [gnoll/+0 halberd[a gnoll bouda] (5)]
  3748 | D:5      | HP: 1/78 [gnoll/+0 halberd[a gnoll bouda] (3)]
  4012 | D:5      | Killed Edmund
  4145 | D:5      | Reached skill level 11 in Axes
  4240 | D:5      | Found Zeor's Weapon Shoppe.
  4457 | D:6      | Reached *** piety under Fedhas
  4692 | D:6      | Found a hazy altar of Hepliaklqana.
  4993 | D:6      | Identified the +1 war axe of Ignis's Righteous Fury {spect,
                  | rPois Will+ Stlth+}
  5228 | D:6      | Noticed a +0 hand axe
  5229 | D:6      | Found a hide-covered altar of Uskayaw.
  5229 | D:6      | Noticed a +0 dagger
  5243 | D:6      | Reached XP level 10. HP: 86/86 MP: 10/10
  5496 | D:6      | Reached skill level 12 in Axes
  5818 | D:7      | Reached **** piety under Fedhas
  6129 | D:7      | Found a white marble altar of Elyvilon.
  6297 | D:7      | Found a staircase to the Ecumenical Temple.
  6555 | D:8      | Reached skill level 1 in Invocations
  6696 | D:8      | Found a shimmering blue altar of Sif Muna.
  7094 | D:8      | Reached ***** piety under Fedhas
  7650 | D:9      | Noticed a two-headed ogre
  7659 | D:9      | Killed a two-headed ogre
  7660 | D:9      | Reached skill level 13 in Axes
  7726 | D:9      | Found Hamunoul's Antique Armour Emporium.
  8168 | D:9      | Noticed a purple ugly thing
  8192 | D:9      | Reached XP level 11. HP: 51/95 MP: 13/13
  8401 | D:9      | Killed a purple ugly thing
  8422 | D:9      | Reached skill level 5 in Stealth
  8433 | D:9      | Reached skill level 14 in Axes
  8650 | D:9      | Found Carheuz's CLEARANCE SALE!.
  8658 | D:9      | Bought a scroll of identify for 10 gold pieces
  8662 | D:9      | Identified the -1 hat of Buetatas {rElec rPois Str+4}
  8686 | D:9      | Found a staircase to the Orcish Mines.
  9092 | D:9      | Reached skill level 5 in Invocations
  9092 | D:9      | Reached XP level 12. HP: 104/104 MP: 13/15
  9095 | D:10     | Entered Level 10 of the Dungeon
  9178 | D:10     | Noticed Erica
  9187 | D:10     | Killed Erica
  9436 | D:10     | Noticed a two-headed ogre
  9444 | D:10     | Killed a two-headed ogre
 10294 | D:10     | Noticed a two-headed ogre
 10298 | D:10     | Killed a two-headed ogre
 10299 | D:10     | Reached skill level 10 in Armour
 10479 | D:11     | Noticed a two-headed ogre
 10491 | D:11     | Killed a two-headed ogre
 10652 | D:11     | Noticed Erolcha
 10652 | D:11     | Noticed a two-headed ogre
 10657 | D:11     | Killed a two-headed ogre
 10663 | D:11     | Killed Erolcha
 10940 | D:11     | Identified the +3 robe of Death's Door {Fly rF+ Dex+7}
 11172 | D:11     | Noticed a boulder beetle
 11203 | D:11     | Killed a boulder beetle
 11398 | D:11     | Noticed Josephine
 11421 | D:11     | Killed Josephine
 11422 | D:11     | Reached skill level 15 in Axes
 11422 | D:11     | Reached XP level 13. HP: 96/113 MP: 17/17
 11652 | D:11     | Found a staircase to the Lair.
 11870 | D:12     | Reached skill level 10 in Fighting
 12400 | D:12     | Identified the +0 scale mail of Lust {rC+ Will+}
 13193 | D:13     | Reached skill level 16 in Axes
 13816 | D:13     | Acquired an amulet of reflection
 13893 | D:14     | Killed from afar by a meliai

Illustrated notes

Levels and vault maps discovered:
D:1:      saegor_arrival_simple_e, layout_basic
D:2:      cheibrodos_pilgrimage, layout_basic, serial_shops, shop,
          minmay_tetromino_l2, uniq_crazy_yiuf_cottage
D:3:      layout_loops_ring, overflow_temple_1_default,
          mainiacjoe_overflow_24_doors, uniq_robin
D:4:      layout_basic
D:5:      layout_cave_pods, mainiacjoe_overflow_catwalk_spiral, okawaru_trees_2,
          hex_tiny, nrook_pool_corridor, minmay_shop_grid_forest, uniq_menkaure,
          uniq_grinder, uniq_edmund, uniq_sigmund
D:6:      layout_cave_pods, mainiacjoe_overflow_catwalk, dancing_weapons_uskayaw
D:7:      layout_cave_pools, elyvilon_altar_3,
          minmay_temple_entry_statues_pillars
D:8:      layout_basic, nicolae_overflow_crystal_walls, minmay_starry_boxes
D:9:      layout_rooms, erik_orc_4, serial_rivers,
          chequers_serial_rivers_small_3, chequers_serial_rivers_micro_c,
          chequers_serial_rivers_large_b, chequers_serial_rivers_small_3,
          chequers_serial_rivers_micro_b, chequers_serial_rivers_small_b,
          serial_shops, shop, nicolae_shop_clearance
D:10:     layout_grid_maze, minmay_rotating_lava, uniq_erica
D:11:     layout_roguey, lair_entry_dummy, gauntlet_entry_generic, worms_lemuel,
          uniq_josephine, uniq_erolcha
D:12:     layout_small_grid
D:13:     layout_basic, serial_bayou_pond_a
D:14:     layout_roguey [special_room_bee], erik_vaults_1,
          gammafunk_ghost_abyssal_escape, nicolae_hepliaklqana_monster_ancestors

Skill      XL: |  1  2  3  4  5  6  7  8  9 10 11 12 13 |
---------------+----------------------------------------+-----
Axes           | 3 4 5 6 7 9 11 13 14 15 16 | 16.0
Fighting       | 4 5 6 7 8 9 10 | 10.6
Stealth        | 1 2 3 4 6 7 |  7.5
Dodging        | 1 2 |  2.0
Armour         | 4 5 6 7 9 10 11 | 11.4
Shields        | 4 5 7 8 9 |  9.6
Invocations    | 2 5 6 7 |  7.1
Spellcasting   | 2 |  2.9
Fire Magic     | 2 3 4 |  4.2

Action                     |  1- 3 |  4- 6 |  7- 9 | 10-12 | 13-15 || total
---------------------------+-------+-------+-------+-------+-------++-------
  Melee: War axe           |   107 |   155 |   347 |   425 |   195 ||  1229
 Invoke: Overgrow          |       |       |       |     1 |     2 ||     3
    Use: Scroll            |     3 |     4 |    12 |    11 |     4 ||    34
         Potion            |       |     2 |     4 |     6 |     4 ||    16
   Stab: Distracted        |       |       |     1 |     7 |     3 ||    11
         Sleeping          |       |       |       |     5 |     3 ||     8
 Armour: Scale mail        |    43 |     6 |       |       |       ||    49
         Ring mail         |       |    97 |    65 |       |       ||   162
         Chain mail        |       |       |    85 |   142 |    64 ||   291
  Dodge: Dodged            |    65 |   114 |   124 |   127 |    41 ||   471
  Block: Buckler           |    25 |    48 |   106 |   121 |    67 ||   367

Table legend: (Time is in decaauts)
 A = Elapsed time spent in this place.
 B = Non-inter-level travel time spent in this place.
 C = Inter-level travel time spent in this place.
 D = Time resting spent in this place.
 E = Time spent auto-exploring this place.
 F = Levels seen in this place.
 G = Mean time per level.
                   A        B        C        D        E       F      G
               +--------+--------+--------+--------+--------+-----+--------+
         Total |  13937 |  13518 |    419 |   1683 |   8879 |  14 |  995.5 |
       Dungeon |  13937 |  13518 |    419 |   1683 |   8879 |  14 |  995.5 |
               +--------+--------+--------+--------+--------+-----+--------+

Top non-repeatable levels by time:
     D:6: 1555 daAuts
     D:9: 1535 daAuts
     D:5: 1414 daAuts
    D:10: 1357 daAuts
    D:11: 1336 daAuts
    D:13: 1127 daAuts
     D:8: 1023 daAuts
    D:12: 879 daAuts
     D:4: 847 daAuts
     D:2: 795 daAuts
     D:3: 721 daAuts
     D:1: 701 daAuts
     D:7: 584 daAuts
    D:14: 57 daAuts
